 Dungeon Crawl Stone Soup version 0.23.2-30-g0e89c35649 (webtiles) character file.

Game seed: 8369996107677199193

6477 troglodite the Thaumaturge (level 10, -4/49 HPs)
             Began as a Spriggan Wizard on June 17, 2019.
             Was an Initiate of Gozag.
             Killed from afar by a manticore (17 damage)
             ... with a volley of spikes
             ... on level 9 of the Dungeon.
             The game lasted 01:21:04 (20016 turns).

troglodite the Thaumaturge (Spriggan Wizard)       Turns: 20016, Time: 01:21:06

Health: -4/49      AC:  3    Str:  4    XL:     10   Next: 68%
Magic:  14/25      EV: 21    Int: 23    God:    Gozag
Gold:   559        SH:  0    Dex: 14    Spells: 10/29 levels left

rFire    . . .     SeeInvis +   v - staff of conjuration
rCold    . . .     Gourm    .   (shield currently unavailable)
rNeg     . . .     Faith    .   a - +0 robe
rPois    .         Spirit   .   b - +0 hat
rElec    .         Reflect  .   r - +0 cloak
rCorr    .         Harm     .   (gloves unavailable)
MR       ++...                  (boots unavailable)
Stlth    +++.......             (no amulet)
HPRegen  0.16/turn              t - ring of protection from magic
MPRegen  0.19/turn              (no ring)

@: barbed spikes, very slightly contaminated, very quick
A: very small, unfitting armour, see invisible, herbivore, speed 3, slow
metabolism 2
a: Potion Petition, Call Merchant, Bribe Branch, Renounce Religion


You were on level 9 of the Dungeon.
You worshipped Gozag.
Gozag was pleased with you.
You were not hungry.

You visited 1 branch of the dungeon, and saw 9 of its levels.

You collected 1750 gold pieces.
You spent 560 gold pieces at shops.
You paid 631 gold pieces to Gozag.

Inventory:

Hand Weapons
 f - a +0 dagger of venom
 j - a +0 short sword
 n - a +2 hunting sling
Missiles
 l - 72 sling bullets
 m - 245 stones (quivered)
Armour
 a - a +0 robe (worn)
 b - a +0 hat (worn)
 r - a +0 cloak (worn)
 F - a scarf of spirit shield
Magical Staves
 v - an uncursed staff of conjuration (weapon)
Jewellery
 t - a ring of protection from magic (left hand)
Wands
 h - a wand of digging (5)
 p - a wand of polymorph (2)
 C - a wand of enslavement (9)
Scrolls
 k - 2 scrolls of teleportation
 o - 3 scrolls of remove curse
 q - a scroll of fog
 s - a scroll of immolation {unknown}
 u - 3 scrolls of enchant armour
 w - 2 scrolls of amnesia
 y - a scroll of blinking {unknown}
 D - a scroll of fear {unknown}
Potions
 c - 2 potions of cancellation
 e - a potion of heal wounds
 g - 2 potions of might
 i - a potion of agility
 z - 3 potions of flight
 B - a potion of lignification
 E - a potion of brilliance
Comestibles
 d - 11 rations


   Skills:
 * Level 3.0 Fighting
 + Level 3.9 Short Blades
 + Level 0.3 Staves
 * Level 4.3 Slings
 * Level 7.0 Dodging
 * Level 7.0 Stealth
 * Level 10.2 Spellcasting
 * Level 4.9 Conjurations
 * Level 3.5 Hexes
 * Level 1.9 Charms
 + Level 2.6 Summonings
 * Level 1.1 Necromancy
 * Level 6.1 Translocations
 + Level 2.5 Fire Magic
 * Level 3.1 Air Magic
 + Level 2.7 Poison Magic


You had 10 spell levels left.
You knew the following spells:

 Your Spells              Type           Power        Failure   Level  Hunger
a - Magic Dart            Conj           ####         1%          1    None
b - Blink                 Tloc           N/A          1%          2    None
c - Conjure Flame         Conj/Fire      #####...     3%          3    None
d - Mephitic Cloud        Conj/Pois/Air  #####...     3%          3    None
e - Call Imp              Summ           ###.....     3%          2    None
f - Slow                  Hex            ####....     1%          2    None
g - Regeneration          Chrm/Necr      ###.......   9%          3    None
h - Spectral Weapon       Hex/Chrm       ###.....     5%          3    None

Your spell library contained the following spells:

 Spells                   Type           Power        Failure   Level  Hunger
 Shroud of Golubria       Chrm/Tloc      ####......   1%          2    None
 Infusion                 Chrm           ###.         2%          1    None
 Song of Slaying          Chrm           ###.....     3%          2    None


Dungeon Overview and Level Annotations

Branches:
Dungeon (9/15)             Temple (0/1) D:5
   Lair: D:8-11         Orc: D:9-12

Altars:
Cheibriados
Dithmenos
Gozag
Hepliaklqana
Nemelex Xobeh
Qazlal
Ru
Sif Muna
Uskayaw
Wu Jian

Shops:
D:7 :


Innate Abilities, Weirdness & Mutations

You are very small and have problems with some larger weapons.
You are too small for most types of armour.
You have supernaturally acute eyesight. (SInv)
You are a herbivore.
You cover ground extremely quickly.
You need to consume almost no food.


Message History

Press: ? - help, Shift-Dir - straight line, f/p - manticore
Aim: a manticore (lightly wounded)
You feel a surge of power!
The magic dart hits the manticore.
The manticore is lightly wounded.
Casting: Magic Dart (safe; 1% risk of failure)
Confirm with . or Enter, or press ? or * to list all spells.
You blink.
The manticore flicks its tail.
The volley of spikes hits you!
The barbed spikes become lodged in your body.
* * * LOW HITPOINT WARNING * * *
Casting: Blink (safe; 1% risk of failure)
Confirm with . or Enter, or press ? or * to list all spells.
You blink.
A howler monkey skeleton comes into view.
The manticore flicks its tail.
The volley of spikes hits you!
The barbed spikes become lodged in your body.
You die...
Your body crumbles into a pile of gold.

.. #.......#
#.(#.......# .#
#.#.......###.#
#.....Z......#
#....>.....#
#.........####
##.....^......#
##....<......# ####
##......@.....#.....
#.........H.........
..............######
...................
....#..ยง.....######
.(..##......## ###
########


You could see a manticore and a howler monkey skeleton.

Vanquished Creatures
  A two-headed ogre (D:8)
  A hippogriff (D:8)
  8 yaks (D:8)
  Eustachio (D:4)
  A hungry ghost (D:7)
  An ice beast (D:6)
  A black bear (D:8)
  A hornet zombie (D:8)
  2 sky beasts
  2 phantoms
  A necrophage (D:7)
  5 ogres
  2 centaurs
  A big kobold (D:8)
  5 bullfrogs
  3 gnoll sergeants
  2 water moccasin zombies
  3 scorpions
  10 killer bees
  A howler monkey (D:7)
  4 crimson imps
  2 centaur zombies (D:4)
  2 bullfrog zombies (D:4)
  6 hounds
  Crazy Yiuf (D:3)
  A quasit (D:8)
  A bullfrog skeleton (D:6)
  3 jellies
  A gnoll shaman (D:7)
  Jessica (D:3)
  4 iguanas
  4 orc wizards
  Natasha (thrice) (D:2)
  5 worker ants
  A killer bee zombie (D:5)
  A hound zombie (D:4)
  2 hound skeletons (D:4)
  4 worker ant zombies (D:4)
  21 gnolls
  15 adders
  2 shadow imps (D:7)
  2 oozes
  An adder zombie (D:4)
  An adder skeleton (D:8)
  4 dart slugs
  2 leopard geckos
  13 orcs
  A giant cockroach (D:1)
  3 goblins
  6 hobgoblins
  6 jackals
  2 quokkas
  A ball python (D:5)
  2 bats
  7 frilled lizards
  2 jackal zombies (D:4)
  10 kobolds
  A leopard gecko zombie (D:5)
  A quokka zombie (D:6)
  3 rats
204 creatures vanquished.

Vanquished Creatures (others)
  An orc wizard (D:5)
1 creature vanquished.

Grand Total: 205 creatures vanquished

Notes
Turn   | Place    | Note
-------+----------+-------------------------------------------
     0 | D:1      | troglodite the Spriggan Wizard began the quest for the Orb.
     0 | D:1      | Reached XP level 1. HP: 9/9 MP: 6/6
   434 | D:1      | Reached XP level 2. HP: 13/13 MP: 2/8
   564 | D:1      | Learned a level 2 spell: Blink
   991 | D:2      | Noticed Natasha
   997 | D:2      | Noticed a crimson imp
  1013 | D:2      | Killed Natasha
  1013 | D:2      | Reached skill level 5 in Spellcasting
  1013 | D:2      | Reached skill level 1 in Conjurations
  1013 | D:2      | Reached XP level 3. HP: 9/17 MP: 0/10
  1184 | D:2      | Found an opulent altar of Gozag.
  1194 | D:2      | Became a worshipper of Gozag Ym Sagoz the Greedy
  1291 | D:2      | Found a deep blue altar of Sif Muna.
  1293 | D:2      | Noticed Natasha
  1708 | D:1      | You fall through a shaft!
  1720 | D:2      | Found a sparkling altar of Nemelex Xobeh.
  1890 | D:2      | Learned a level 3 spell: Conjure Flame
  2605 | D:2      | Killed Natasha
  2605 | D:2      | Reached XP level 4. HP: 18/21 MP: 3/12
  2833 | D:2      | Noticed Natasha
  2841 | D:2      | Killed Natasha
  2841 | D:2      | Reached skill level 1 in Short Blades
  3020 | D:2      | Reached skill level 1 in Slings
  3315 | D:3      | Reached XP level 5. HP: 25/25 MP: 11/14
  3373 | D:3      | Noticed Jessica
  3492 | D:3      | Killed Jessica
  3574 | D:3      | Learned a level 3 spell: Mephitic Cloud
  3814 | D:3      | Found a runed translucent door.
  3815 | D:3      | Noticed Crazy Yiuf
  4000 | D:3      | Killed Crazy Yiuf
  4527 | D:4      | Noticed Eustachio
  4602 | D:4      | Reached XP level 6. HP: 13/29 MP: 9/15
  4813 | D:4      | Reached skill level 1 in Fighting
  4849 | D:3      | Reached skill level 6 in Spellcasting
  5871 | D:4      | Reached skill level 1 in Fire Magic
  6287 | D:4      | Killed Eustachio
  6287 | D:4      | Reached skill level 1 in Air Magic
  6287 | D:4      | Reached skill level 1 in Poison Magic
  6287 | D:4      | Reached XP level 7. HP: 28/33 MP: 7/17
  6298 | D:4      | Learned a level 2 spell: Call Imp
  6301 | D:4      | Learned a level 2 spell: Slow
  7023 | D:4      | Reached skill level 1 in Summonings
  7216 | D:4      | HP: 1/33 [centaur zombie (5)]
  8061 | D:5      | Entered Level 5 of the Dungeon
  8077 | D:5      | Found a stormy altar of Qazlal.
  8258 | D:5      | Reached skill level 5 in Stealth
  8258 | D:5      | Reached skill level 1 in Hexes
  8599 | D:5      | Reached XP level 8. HP: 26/38 MP: 4/19
  8829 | D:5      | Found a staircase to the Ecumenical Temple.
  9285 | D:5      | Reached skill level 5 in Dodging
  9325 | D:5      | Found a snail-covered altar of Cheibriados.
  9914 | D:6      | Found a sacrificial altar of Ru.
 10024 | D:6      | Reached skill level 7 in Spellcasting
 10277 | D:6      | Found a sparkling altar of Nemelex Xobeh.
 10312 | D:6      | Found a shadowy altar of Dithmenos.
 10312 | D:6      | Found a hide-covered altar of Uskayaw.
 10933 | D:7      | Found a hazy altar of Hepliaklqana.
 11616 | D:6      | Reached skill level 8 in Spellcasting
 11620 | D:6      | Reached XP level 9. HP: 12/42 MP: 13/22
 12457 | D:7      | Reached skill level 5 in Translocations
 14707 | D:8      | Noticed a two-headed ogre
 14800 | D:8      | Killed a two-headed ogre
 14800 | D:8      | Reached skill level 9 in Spellcasting
 15321 | D:8      | Reached XP level 10. HP: 42/47 MP: 3/24
 17128 | D:9      | Found an ornate altar of the Wu Jian Council.
 17571 | D:7      | Bought a book of Battle for 560 gold pieces
 17575 | D:7      | Learned a level 3 spell: Regeneration
 17579 | D:7      | Learned a level 3 spell: Spectral Weapon
 18470 | D:9      | Noticed a seven-headed hydra
 18577 | D:9      | Reached skill level 1 in Charms
 18591 | D:9      | Noticed a red ugly thing
 18926 | D:8      | Reached skill level 10 in Spellcasting
 19333 | D:8      | Reached skill level 1 in Necromancy
 20005 | D:9      | Noticed a manticore
 20016 | D:9      | Killed from afar by a manticore

Skill      XL: |  1  2  3  4  5  6  7  8  9 10 |
---------------+-------------------------------+-----
Spellcasting   | 5 6 8 9 10 | 10.2
Conjurations   | 1 2 3 4 |  4.9
Translocations | 2 3 4 5 6 |  6.1
Short Blades   | 1 2 3 |  3.9
Slings         | 1 2 3 4 |  4.3
Stealth        | 4 5 6 7 |  7.0
Fighting       | 1 2 3 |  3.0
Dodging        | 4 5 6 7 |  7.0
Fire Magic     | 1 2 |  2.5
Air Magic      | 1 2 3 |  3.1
Poison Magic   | 1 2 |  2.7
Summonings     | 1 2 |  2.6
Hexes          | 1 2 3 |  3.5
Charms         | 1 |  1.9
Necromancy     | 1 |  1.1
Staves         | |  0.3

Action                   |  1- 3 |  4- 6 |  7- 9 | 10-12 || total
-------------------------+-------+-------+-------+-------++-------
Melee: Short sword       |    16 |     1 |       |       ||    17
       Dagger            |       |   114 |    53 |       ||   167
       Staff             |       |       |    25 |     4 ||    29
 Cast: Magic Dart        |    99 |   199 |   550 |   396 ||  1244
       Blink             |       |       |     3 |    10 ||    13
Invok: Call Merchant     |       |       |     1 |       ||     1
  Use: Scroll            |     1 |     7 |     4 |     6 ||    18
       Potion            |       |       |     2 |     2 ||     4
 Stab: Sleeping          |     1 |       |       |       ||     1
  Eat: Ration            |       |     1 |     5 |     2 ||     8
Armor: Robe              |     1 |    41 |    13 |     6 ||    61
       Skin              |       |     2 |       |       ||     2
Dodge: Dodged            |    36 |   244 |   224 |   159 ||   663
